cohdb
Replays
Latest Replays
All Replays
Popular Replays
Top Player Replays
Match Explorer
How It Works
Community
CoH3 Stats
Reddit
Sign in to upload your games and track your stats! →
Sign in with Steam
Match 46296791
Unlisted
Match 46296791
Overview
Messages
Build Orders
End
Royal Engineer Section
Construct Section Command Post
Dingo Light Scout Car
Infantry Section
Infantry Section
Construct Platoon Command Post
Humber Armored Car
Grenade Package
Unlock Bishop Self-propelled Artillery
Bishop Self-propelled Artillery
Infantry Section
Selects Air and Sea Battlegroup
Selects Supply Surplus
Selects Commando Section Paradrop
Selects M1 Pack Howitzer Paradrop
Bishop Self-propelled Artillery
Light Vehicle Training
6-pounder Anti-tank Gun Team
Construct Company Command Post
Selects UNKNOWN (223837)
Selects Assault Flares
Crusader II Medium Tank
DeltaBravo82
ClockworkVex
Contact Mike
冲锋大哥
.:PSG:. RedxWings
乱弹琴
UGA
하나은행인주도둑
0
0
Comments
sign in to comment!
No comments posted yet!